Workbook

Sheet BDI
B1: ="Quadro de Composição do BDI" -> Quadro de Composição do BDI | L1: Grau de Sigilo
L2: #PUBLICO
B4: Nº OPERAÇÃO | D4: Nº SICONV | F4: PROPONENTE / TOMADOR
B5: 0 | D5: 0 | F5: PREFEITURA DE ALPINÓPOLIS
B7: DADOS DA OBRA
B8: CONSTRUÇÃO DO CENTRO CULTURAL
B10: Conforme legislação tributária municipal, definir estimativa de percentual da base de cálculo para o ISS: | L10: 0.5
B11: Sobre a base de cálculo, definir a respectiva alíquota do ISS (entre 2% e 5%): | L11: 0.03
B14: BDI 1
B16: TIPO DE OBRA
B17: Reforma em Geral PSF Alpinópolis
B19: Itens | L19: Siglas | M19: % Adotado
B21: Administração Central | L21: AC | M21: 0.0515
B22: Seguro | L22: S | M22: 0.0042
B23: Garantia | L23: G | M23: 0.0043
B24: Risco | L24: R | M24: 0.0173
B25: Despesas Financeiras | L25: DF | M25: 0.0123
B26: Lucro | L26: L | M26: 0.0742
B27: Tributos (impostos COFINS 3%, e PIS 0,65%) | L27: CP | M27: 0.0365
B28: Tributos (ISS, variável de acordo com o município) | L28: ISS | M28: 0.03
B29: Tributos (Contribuição Previdenciária sobre a Receita Bruta - 0% ou 4,5% - Desoneração) | L29: CPRB | M29: 0.0075
B30: BDI SEM desoneração (Fórmula Acórdão TCU) | L30: BDI | M30: =SUM(M21:M29) -> 0.2378
B33: Os valores de BDI foram calculados com o emprego da fórmula:
B38: Declaro para os devidos fins que, conforme legislação tributária municipal, a base de cálculo deste tipo de obra corresponde à 50%, com a respectiva alíquota de 3,0%
B41: Observações:
B47: Alpinópolis, | D47: =TODAY() -> 46281
B51: Rogerio Silveira Vilela
B52: Engenheiro Civil - CREA/MG 342.497/D

Sheet Planilha de Custos e Medição
A1: PREFEITURA MUNICIPAL DE ALPINÓPOLIS
A2: Orçamento Cercamento Aterro Controlado | D2: 1 | J2: Observações:
A3: Obra: | B3: Barracão Aterro Controlado Municipal | G3: Modalidade: | H3: Orçamento Preliminar
A4: Local: | B4: Zona Rural | G4: Objetivo da Obra: | H4: Execução de 265,44 m de cercamento
A5: Contratada: | G5: Referência BDI: | H5: =BDI!M30 -> 0.2378
A6: CNPJ: | G6: Referência de preço: | H6: Seinfra 01/2026; Sicro 04/2026; Mercado
A7: Valor da Obra: | B7: =I23 -> 54100.72 | C7: =D29 -> (cinquenta e quatro mil e cem reais e setenta e dois centavos) | G7: Data de Emissão: | H7: =TODAY() -> 46281 | J7: Boletim de Medição 01
J8: Quantidade | L8: Financeiro
A9: ITEM | B9: CÓDIGO | C9: FONTE | D9: DESCRIÇÃO DOS SERVIÇOS | E9: UN. | F9: QUANT. | G9: CUSTO UNITÁRIO (R$) | H9: PREÇO FINAL (R$) | I9: CUSTO TOTAL (R$) | J9: Medido no Período | K9: Acumulado incluindo o Período | L9: Medido no Período | M9: Acumulado incluindo o Período
A11: 1 | D11: SERVIÇOS DE CERCAMENTO
A12: 1.1 | B12: - | C12: MERCADO | D12: TELA FIO 12 MALHA 08 DE 1,80M DE ALTURA | E12: M | F12: 266 | G12: 36.1 | H12: =ROUND(G12*(1+$H$5),2) -> 44.68 | I12: =ROUND(H12*F12,2) -> 11884.88 | K12: =F12-J12 -> 266 | L12: =ROUND($H12*J12,2) -> 0 | M12: =I12-L12 -> 11884.88
A13: 1.2 | B13: - | C13: MERCADO | D13: POSTES DE CONCRETO PARA ALAMBRADO DE 3,00 M | E13: UN | F13: 108 | G13: 75 | H13: =ROUND(G13*(1+$H$5),2) -> 92.84 | I13: =ROUND(H13*F13,2) -> 10026.72 | K13: =F13-J13 -> 108 | L13: =ROUND($H13*J13,2) -> 0 | M13: =I13-L13 -> 10026.72
A14: 1.3 | B14: - | C14: MERCADO | D14: ESCORAS 10X10 CM COM 2,20M | E14: UN | F14: 20 | G14: 60 | H14: =ROUND(G14*(1+$H$5),2) -> 74.27 | I14: =ROUND(H14*F14,2) -> 1485.4 | K14: =F14-J14 -> 20 | L14: =ROUND($H14*J14,2) -> 0 | M14: =I14-L14 -> 1485.4
A15: 1.4 | B15: - | C15: MERCADO | D15: ROLO DE ARAME FARPADO 500 M | E15: UN | F15: 1 | G15: 460 | H15: =ROUND(G15*(1+$H$5),2) -> 569.39 | I15: =ROUND(H15*F15,2) -> 569.39 | K15: =F15-J15 -> 1 | L15: =ROUND($H15*J15,2) -> 0 | M15: =I15-L15 -> 569.39
A16: 1.5 | B16: - | C16: MERCADO | D16: ROLO DE ARAME FARPADO 250 M | E16: UN | F16: 1 | G16: 250 | H16: =ROUND(G16*(1+$H$5),2) -> 309.45 | I16: =ROUND(H16*F16,2) -> 309.45 | K16: =F16-J16 -> 1 | L16: =ROUND($H16*J16,2) -> 0 | M16: =I16-L16 -> 309.45
A17: 1.6 | B17: - | C17: MERCADO | D17: ROLO DE ARAME FARPADO 100M | E17: UN | F17: 1 | G17: 135 | H17: =ROUND(G17*(1+$H$5),2) -> 167.1 | I17: =ROUND(H17*F17,2) -> 167.1 | K17: =F17-J17 -> 1 | L17: =ROUND($H17*J17,2) -> 0 | M17: =I17-L17 -> 167.1
A18: 1.7 | B18: - | C18: MERCADO | D18: ARAME GALVANIZADO FIO 12 | E18: KG | F18: 27 | G18: 20 | H18: =ROUND(G18*(1+$H$5),2) -> 24.76 | I18: =ROUND(H18*F18,2) -> 668.52 | K18: =F18-J18 -> 27 | L18: =ROUND($H18*J18,2) -> 0 | M18: =I18-L18 -> 668.52
A19: 1.8 | B19: - | C19: MERCADO | D19: ARAME GALVANIZADO FIO 14 | E19: KG | F19: 10 | G19: 22 | H19: =ROUND(G19*(1+$H$5),2) -> 27.23 | I19: =ROUND(H19*F19,2) -> 272.3 | K19: =F19-J19 -> 10 | L19: =ROUND($H19*J19,2) -> 0 | M19: =I19-L19 -> 272.3
A20: 1.9 | B20: - | C20: MERCADO | D20: MÃO DE OBRA GERAL PARA EXECUÇÃO DO CERCAMENTO | E20: UN | F20: 1 | G20: 23200 | H20: =ROUND(G20*(1+$H$5),2) -> 28716.96 | I20: =ROUND(H20*F20,2) -> 28716.96 | K20: =F20-J20 -> 1 | L20: =ROUND($H20*J20,2) -> 0 | M20: =I20-L20 -> 28716.96
A21: SUBTOTAL | I21: =SUM(I11:I20) -> 54100.72
A23: TOTAL GERAL | I23: =SUM(I21) -> 54100.72 | L23: =SUM(L9:L22) -> 0 | M23: =SUM(M9:M22) -> 54100.72
A26: TOTAL DO ORÇAMENTO PRELIMINAR
A28: Saldo Anterior: R$ | C28: =M23 -> 54100.72 | D28: (cinquenta e quatro mil e cem reais e setenta e dois centavos)
A29: Este Orçamento: R$ | C29: =I23 -> 54100.72 | D29: (cinquenta e quatro mil e cem reais e setenta e dois centavos)
A30: Saldo Restante: R$ | C30: =I23 -> 54100.72 | D30: (cinquenta e quatro mil e cem reais e setenta e dois centavos)
A33: Alpinópolis, | B33: =TODAY() -> 46281
A35: =B5 -> 0 | E35: Rogerio Silveria Vilela
A36: =B6 -> 0 | E36: Engenheiro Civil - CREA: 342.497/D

Sheet Cronograma
A1: PREFEITURA MUNICIPAL DE ALPINÓPOLIS
A3: ORÇAMENTO CERCAMENTO DE ATERRO
A4: Barracão Aterro Controlado Municipal
A8: CRONOGRAMA FÍSICO FINANCEIRO
A10: Meses Medidos | E10: 1 | G10: 2 | I10: 3 | K10: 4
A11: ITEM | B11: DESCRIÇÃO DOS SERVIÇOS | C11: VALOR (R$) | D11: Conclusão % | E11: Valores | F11: Porcentagem | G11: Valores | H11: Porcentagem | I11: Valores | J11: Porcentagem | K11: Valores | L11: Porcentagem
E12: R$ | F12: % | G12: R$ | H12: % | I12: R$ | J12: % | K12: R$ | L12: %
A13: ='Planilha de Custos e Medição'!A12 -> 1.1 | B13: ='Planilha de Custos e Medição'!D12 -> TELA FIO 12 MALHA 08 DE 1,80M DE ALTURA | C13: ='Planilha de Custos e Medição'!I12 -> 11884.88 | D13: =SUM(F13,H13,J13,L13) -> 1 | F13: =E13/$C13 -> 0 | G13: 5000 | H13: =G13/$C13 -> 0.42070261 | I13: 5000 | J13: =I13/$C13 -> 0.42070261 | K13: 1884.88 | L13: =K13/$C13 -> 0.15859479
A14: ='Planilha de Custos e Medição'!A13 -> 1.2 | B14: ='Planilha de Custos e Medição'!D13 -> POSTES DE CONCRETO PARA ALAMBRADO DE 3,00 M | C14: ='Planilha de Custos e Medição'!I13 -> 10026.72 | D14: =SUM(F14,H14,J14,L14) -> 1 | E14: 10026.72 | F14: =E14/C$14 -> 1
A15: ='Planilha de Custos e Medição'!A14 -> 1.3 | B15: ='Planilha de Custos e Medição'!D14 -> ESCORAS 10X10 CM COM 2,20M | C15: ='Planilha de Custos e Medição'!I14 -> 1485.4 | D15: =SUM(F15,H15,J15,L15) -> 1 | E15: 1000 | F15: =E15/C$15 -> 0.67321933 | G15: 485.4 | H15: =G15/$C15 -> 0.32678067
A16: ='Planilha de Custos e Medição'!A15 -> 1.4 | B16: ='Planilha de Custos e Medição'!D15 -> ROLO DE ARAME FARPADO 500 M | C16: ='Planilha de Custos e Medição'!I15 -> 569.39 | D16: =SUM(F16,H16,J16,L16) -> 1 | F16: =E16/$C16 -> 0 | G16: 400 | H16: =G16/$C16 -> 0.70250619 | I16: 169.39 | J16: =I16/$C16 -> 0.29749381
A17: ='Planilha de Custos e Medição'!A16 -> 1.5 | B17: ='Planilha de Custos e Medição'!D16 -> ROLO DE ARAME FARPADO 250 M | C17: ='Planilha de Custos e Medição'!I16 -> 309.45 | D17: =SUM(F17,H17,J17,L17) -> 1 | F17: =E17/$C17 -> 0 | G17: 200 | H17: =G17/$C17 -> 0.64630797 | I17: 109.45 | J17: =I17/$C17 -> 0.35369203
A18: ='Planilha de Custos e Medição'!A17 -> 1.6 | B18: ='Planilha de Custos e Medição'!D17 -> ROLO DE ARAME FARPADO 100M | C18: ='Planilha de Custos e Medição'!I17 -> 167.1 | D18: =SUM(F18,H18,J18,L18) -> 1 | F18: =E18/$C18 -> 0 | G18: 167.1 | H18: =G18/$C18 -> 1
A19: ='Planilha de Custos e Medição'!A18 -> 1.7 | B19: ='Planilha de Custos e Medição'!D18 -> ARAME GALVANIZADO FIO 12 | C19: ='Planilha de Custos e Medição'!I18 -> 668.52 | D19: =SUM(F19,H19,J19,L19) -> 1 | F19: =E19/$C19 -> 0 | G19: 300 | H19: =G19/$C19 -> 0.44875247 | I19: 368.52 | J19: =I19/$C19 -> 0.55124753
A20: ='Planilha de Custos e Medição'!A19 -> 1.8 | B20: ='Planilha de Custos e Medição'!D19 -> ARAME GALVANIZADO FIO 14 | C20: ='Planilha de Custos e Medição'!I19 -> 272.3 | D20: =SUM(F20,H20,J20,L20) -> 1 | F20: =E20/$C20 -> 0 | G20: 100 | H20: =G20/$C20 -> 0.36724201 | I20: 172.3 | J20: =I20/$C20 -> 0.63275799
A21: ='Planilha de Custos e Medição'!A20 -> 1.9 | B21: ='Planilha de Custos e Medição'!D20 -> MÃO DE OBRA GERAL PARA EXECUÇÃO DO CERCAMENTO | C21: ='Planilha de Custos e Medição'!I20 -> 28716.96 | D21: =SUM(F21,H21,J21,L21) -> 1 | E21: 7000 | F21: =E21/$C21 -> 0.24375839 | G21: 11000 | H21: =G21/$C21 -> 0.3830489 | I21: 7000 | J21: =I21/$C21 -> 0.24375839 | K21: 3716.96 | L21: =K21/$C21 -> 0.12943431
B22: ='Planilha de Custos e Medição'!D21 -> 0 | D22: =SUM(F22,H22,J22,L22) -> #DIV/0! | F22: =E22/$C22 -> #DIV/0! | H22: =G22/$C22 -> #DIV/0! | I22: =G22 -> 0 | J22: =I22/$C22 -> #DIV/0! | K22: =I22 -> 0 | L22: =K22/$C22 -> #DIV/0!
B23: ='Planilha de Custos e Medição'!D22 -> 0 | D23: =SUM(F23,H23,J23,L23) -> #DIV/0! | F23: =E23/$C23 -> #DIV/0! | H23: =G23/$C23 -> #DIV/0! | I23: =G23 -> 0 | J23: =I23/$C23 -> #DIV/0! | K23: =I23 -> 0 | L23: =K23/$C23 -> #DIV/0!
A25: VALORES TOTAIS | C25: =SUM(C12:C23) -> 54100.72 | E25: =SUM(E12:E23) -> 18026.72 | F25: =(E25/$C$25) -> 0.33320666 | G25: =SUM(G12:G23) -> 17652.5 | H25: =(G25/$C$25) -> 0.32628956 | I25: =SUM(I12:I23) -> 12819.66 | J25: =(I25/$C$25) -> 0.23695914 | K25: =SUM(K12:K23) -> 5601.84 | L25: =(K25/$C$25) -> 0.10354465
A26: VALORES ACUMULADOS | C26: =C25/C25 -> 1 | E26: =E25 -> 18026.72 | F26: =(E26/$C$25) -> 0.33320666 | G26: =G25+E26 -> 35679.22 | H26: =H25+F26 -> 0.65949621 | I26: =I25+G26 -> 48498.88 | J26: =J25+H26 -> 0.89645535 | K26: =K25+I26 -> 54100.72 | L26: =L25+J26 -> 1
A28: Valores Acumulados | C28: =K26 -> 54100.72
A29: % | C29: =L26 -> 1
A31: Valores Restantes | C31: =C25-C28 -> 0
A32: % | C32: =C26-C29 -> 0
A34: Alpinópolis, | B34: =TODAY() -> 46281
B38: Rogerio Silveria Vilela
B39: Engenheiro Civil - CREA: 342.497/D
